 Dungeon Crawl Stone Soup version 0.31-a0-1001-g770356a28f (webtiles) character file.

Game seed: 14347710038312230197

3146 Chiseanne the Trooper (level 9, -8/74 HPs)
             Began as a Demonspawn Wanderer on Nov 8, 2023.
             Was an Initiate of Gozag.
             Mangled by a troll (9 damage)
             ... on level 7 of the Dungeon.
             The game lasted 00:14:11 (6565 turns).

Chiseanne the Trooper (Demonspawn Wanderer)         Turns: 6565, Time: 00:14:12

Health: -8/74      AC: 15    Str: 16    XL:     9   Next: 62%
Magic:  10/10      EV: 15    Int: 10    God:    Gozag
Gold:   693        SH:  0    Dex: 17    Spells: 10/10 levels left

rFire   . . .        a - +2 quarterstaff (venom)
rCold   + . .        (shield currently unavailable)
rNeg    . . .        B - +0 leather armour {rC+}
rPois   .            K - +0 helmet
rElec   .            r - +0 cloak
rCorr   .            q - +1 pair of gloves
SInv    .            (no boots)
Will    .....        (no amulet)
Stlth   +            x - +4 ring of protection
HPRegen 0.32/turn    (no ring)
MPRegen 0.12/turn

%: no passive effects
@: lethally poisoned (-8 -> -12)
A: icy blue scales 2, ignite blood 1, demonic touch 2
a: Renounce Religion, Potion Petition, Call Merchant, Bribe Branch


You were on level 7 of the Dungeon.
You worshipped Gozag.
Gozag was pleased with you.
You visited 2 branches of the dungeon, and saw 9 of its levels.

You collected 812 gold pieces.
You paid 119 gold pieces to Gozag.

Inventory:

Hand Weapons
 a - a +2 quarterstaff of venom (weapon)
 w - a +2 sling of freezing
 G - a +0 dagger of electrocution
 H - a +1 whip of venom
Missiles
 e - 52 stones (quivered)
 g - 40 poisoned darts
 i - 5 curare-tipped darts
 A - 2 boomerangs
Armour
 h - a +0 kite shield
 k - a +0 buckler
 q - a +1 pair of gloves (worn)
 r - a +0 cloak (worn)
 B - a +0 leather armour of cold resistance (worn)
 K - a +0 helmet (worn)
Jewellery
 d - a ring of fire
 l - a ring of magical power
 x - a +4 ring of protection (left hand)
 y - a ring of poison resistance
Talismans
 f - a beast talisman
 u - a serpent talisman
 J - a flux talisman
Wands
 b - a wand of polymorph (4)
 p - a wand of digging (3)
 s - a wand of roots (7)
Scrolls
 j - a scroll of immolation
 m - a scroll of identify
 o - a scroll of revelation
 t - a scroll of poison
 v - 6 scrolls of teleportation
 D - a scroll of butterflies
 E - a scroll of brand weapon
 F - a scroll of fear
Potions
 c - a potion of heal wounds
 z - a potion of resistance
 C - a potion of cancellation
 I - a potion of haste


   Skills:
 * Level 7.9 Fighting
 - Level 2.6 Staves
 * Level 7.0 Armour
 * Level 7.2 Dodging
 - Level 1.0 Spellcasting
 - Level 1.0 Earth Magic
 - Level 3.0 Evocations


You had 10 spell levels left.
You didn't know any spells.
Your spell library contained the following spells:

 Spells                   Type           Power      Damage    Failure   Level
 Sandblast                Erth           4%         2d4       26%         1
 Summon Small Mammal      Summ           0%         N/A       38%         1
 Stone Arrow              Conj/Erth      2%         3d7       69%         3
 Call Canine Familiar     Summ           0%         N/A       77%         3
 Summon Guardian Golem    Hex/Summ       0%         N/A       77%         3
 Brom's Barrelling Bould  Conj/Erth      1%         2d3       97%         4
 Fireball                 Conj/Fire      0%         3d3       100%        5
 Iskenderun's Battlesphe  Conj           0%         2d6       100%        5
 Conjure Ball Lightning   Conj/Air       0%         3x3d6     100%        6
 Malign Gateway           Summ/Tloc      0%         N/A       100%        7
 Orb of Destruction       Conj           0%         9d5       100%        7
 Summon Horrible Things   Summ           0%         N/A       100%        8


Dungeon Overview and Level Annotations

Branches:
Dungeon (8/15)             Temple (1/1) D:6
   Lair: D:8-11

Altars:
Ashenzari
Dithmenos
Fedhas
Gozag
Hepliaklqana
Kikubaaqudgha
Nemelex Xobeh
Okawaru
Qazlal
Ru
Sif Muna
Trog
Uskayaw
Vehumet
Wu Jian
Yredelemnul

Annotations:
D:5 3 runed translucent doors, confidenceinterval's ghost, novice MfSh
D:7 exclusion: door


Innate Abilities, Weirdness & Mutations

You are mostly covered in icy blue scales. (AC +3)
Your demonic aura sometimes causes spilled blood to erupt in flames.
Your touch may inflict irresistible damage on your foes.


Message History

You are poisoned.
The troll bites you but does no damage. The troll claws you.
The troll claws you but does no damage. The orc misses you.
You feel very sick.
You feel sick. The orc attacks as it pursues you!
The orc hits you but does no damage.
You are more poisoned.
You barely miss the orc.
You feel very sick. The orc hits you but does no damage.
You are more poisoned.
You closely miss the troll.
You feel very sick. The troll bites you. The troll completely misses you.
The troll barely misses you.
You hit the troll.
The troll is poisoned.
The troll is lightly wounded.
You feel very sick. The troll misses you. The troll claws you!
The troll misses you.
You closely miss the troll.
The troll is lightly wounded.
You feel very sick. The troll barely misses you.
The troll claws you but does no damage. The troll completely misses you.
You sock the troll!
The troll is moderately wounded.
You feel very sick.
The troll is engulfed in blazing flames.
The troll bites you!
* * * LOW HITPOINT WARNING * * *
The troll claws you!
* * * LOW HITPOINT WARNING * * *
The troll claws you.
* * * LOW HITPOINT WARNING * * *
* * * LOW HITPOINT WARNING * * *
You feel sick.
The troll is engulfed in blazing flames.
The troll attacks as it pursues you! The troll bites you!
You die...
Your body crumbles into a pile of gold.

### #.##### #.....#
#.###.####### #.# #.......#
#.# #######.# ########## #@#
#.# #........# #T#
#######'###### #........#
#○###.............
#........###oo.'.............
#...........>.##............#
#............#######'#...##.#
#............# #......#..#
#............# #..#...#..#
######.......# #..+...+...


You could see a troll (very poisoned) and 2 orcs.

Vanquished Creatures
  2 wraiths
  A steam dragon (D:7)
  A water moccasin (D:4)
  A black bear (D:4)
  An orc warrior (D:6)
  A sky beast (D:6)
  An ogre (D:5)
  A centaur (D:8)
  4 phantoms
  4 bullfrogs
  6 kobold brigands
  3 scorpions
  5 killer bees
  2 howler monkeys (D:7)
  3 hounds
  2 orc priests
  3 jellies
  A sleepcap (D:5)
  Jessica (D:3)
  A gnoll bouda (D:7)
  4 iguanas
  An orc wizard (D:6)
  9 gnolls
  4 adders
  A river rat (D:6)
  A shadow imp (D:5)
  6 ufetubi
  5 worms
  2 dart slugs
  18 orcs
  An endoplasm (D:1)
  3 giant cockroaches
  10 hobgoblins
  17 kobolds
  A quokka (D:3)
  4 ball pythons
  2 bats (D:2)
  3 frilled lizards (D:1)
  4 goblins
  11 rats
151 creatures vanquished.

Notes
Turn   | Place    | Note
-------+----------+-------------------------------------------
     0 | D:1      | Chiseanne the Demonspawn Wanderer began the quest for the
                  | Orb.
     0 | D:1      | Chiseanne set off with the following items: a +2
                  | quarterstaff, a wand of polymorph (4), a potion of heal
                  | wounds, a +0 robe; and the following spell memorised:
                  | Sandblast; and the following spells available to memorise:
                  | Stone Arrow.
     0 | D:1      | Reached XP level 1. HP: 13/13 MP: 2/2
   237 | D:1      | Reached skill level 1 in Fighting
   237 | D:1      | Gained mutation: Your touch may inflict minor irresistible
                  | damage on your foes. [demonic ancestry]
   237 | D:1      | Reached XP level 2. HP: 17/21 MP: 3/3
  1030 | D:2      | Gained mutation: Your touch may inflict irresistible damage
                  | on your foes. [demonic ancestry]
  1030 | D:2      | Reached XP level 3. HP: 27/27 MP: 4/4
  1276 | D:2      | Found a faded altar of an unknown god.
  1830 | D:3      | Noticed Jessica
  1831 | D:3      | You fall into a shaft and drop 1 floor!
  1889 | D:4      | Gained mutation: You are partially covered in icy blue
                  | scales. (AC +2) [demonic ancestry]
  1889 | D:4      | Reached XP level 4. HP: 13/34 MP: 5/5
  1982 | D:4      | Noticed a water moccasin
  1997 | D:4      | Killed a water moccasin
  1998 | D:4      | Gained mutation: You are mostly covered in icy blue scales.
                  | (AC +3) [demonic ancestry]
  1998 | D:4      | Reached XP level 5. HP: 18/41 MP: 6/6
  2165 | D:4      | Reached XP level 6. HP: 40/47 MP: 7/7
  2518 | D:3      | Killed Jessica
  3109 | D:5      | Entered Level 5 of the Dungeon
  3139 | D:5      | Reached XP level 7. HP: 49/54 MP: 8/8
  3152 | D:5      | Noticed confidenceinterval's ghost (novice MfSh)
  3653 | D:5      | Found a runed translucent gate.
  3653 | D:5      | Found a runed translucent gate.
  3654 | D:5      | Found a runed translucent gate.
  3728 | D:5      | Reached skill level 5 in Fighting
  4074 | D:6      | Reached skill level 5 in Dodging
  4074 | D:6      | Reached XP level 8. HP: 57/62 MP: 9/9
  4128 | D:6      | Reached skill level 5 in Armour
  4209 | D:6      | Found a staircase to the Ecumenical Temple.
  4219 | Temple   | Entered the Ecumenical Temple
  4262 | Temple   | Became a worshipper of Gozag Ym Sagoz the Greedy
  4472 | D:6      | Found a glowing drain.
  5280 | D:7      | Gained mutation: Your demonic aura sometimes causes spilled
                  | blood to erupt in flames. [demonic ancestry]
  5280 | D:7      | Reached XP level 9. HP: 54/71 MP: 10/10
  5770 | D:7      | Found an iron altar of Okawaru.
  5770 | D:7      | Found a shadowy altar of Dithmenos.
  5770 | D:7      | Found a hazy altar of Hepliaklqana.
  5770 | D:7      | Found an iron altar of Okawaru.
  5770 | D:7      | Found a stormy altar of Qazlal.
  6363 | D:8      | Noticed a troll
  6564 | D:7      | HP: 3/74 [troll (1)]
  6565 | D:7      | HP: 1/74 [poisoned by an orc]
  6565 | D:7      | Mangled by a troll

Illustrated notes

Levels and vault maps discovered:
D:1:      onia_arrival_pentagram, layout_basic, due_unseen_surprise
D:2:      layout_basic, shapermc_ecumenical_altar_ellora
D:3:      layout_loops_cross, corexii_hall_statues_t, st_stairs_2, uniq_jessica
D:4:      layout_cave_pools, mainiacjoe_overflow_concentric_impassable
D:5:      layout_rooms, gammafunk_ghost_icy, grunt_ministairs_9,
          minmay_fountain_box
D:6:      layout_loops_cross, minmay_temple_entry_large_hall,
          portal_sewer_entry_a
D:7:      cheibrodos_fertilizer, layout_basic
D:8:      layout_layer_cave, gup_ossuary_entry_pyramid
Temple:   regret_index_temple_chain_breaker

Skill      XL: |  1  2  3  4  5  6  7  8  9 |
---------------+----------------------------+-----
Fighting       | 1 2 3 4 5 6 7 |  7.9
Dodging        | 2 3 4 5 6 7 |  7.2
Armour         | 2 3 4 6 7 |  7.0
Staves         | |  2.6
Spellcasting   | |  1.0
Earth Magic    | |  1.0
Evocations     | |  3.0

Action                     |  1- 3 |  4- 6 |  7- 9 || total
---------------------------+-------+-------+-------++-------
  Melee: Quarterstaff      |   111 |    87 |   298 ||   496
  Throw: Dart              |       |       |     4 ||     4
         Stone             |       |       |     3 ||     3
  Evoke: Wand              |       |       |     2 ||     2
    Use: Scroll            |     9 |     4 |     5 ||    18
         Potion            |       |       |     2 ||     2
 Armour: Robe              |    15 |       |       ||    15
         Ring mail         |    52 |    64 |   135 ||   251
         Leather armour    |       |       |   126 ||   126
  Dodge: Dodged            |    52 |    56 |   332 ||   440

Table legend: (Time is in decaauts)
 A = Elapsed time spent in this place.
 B = Non-inter-level travel time spent in this place.
 C = Inter-level travel time spent in this place.
 D = Time resting spent in this place.
 E = Time spent auto-exploring this place.
 F = Levels seen in this place.
 G = Mean time per level.
                   A        B        C        D        E       F      G
               +--------+--------+--------+--------+--------+-----+--------+
         Total |   6682 |   6485 |    197 |   1166 |   3816 |   9 |  742.4 |
       Dungeon |   6539 |   6362 |    177 |   1107 |   3803 |   8 |  817.4 |
        Temple |    143 |    123 |     20 |     59 |     13 |   1 |  143.0 |
               +--------+--------+--------+--------+--------+-----+--------+

Top non-repeatable levels by time:
     D:7: 1062 daAuts
     D:5: 974 daAuts
     D:6: 929 daAuts
     D:1: 897 daAuts
     D:4: 783 daAuts
     D:3: 737 daAuts
     D:2: 719 daAuts
     D:8: 435 daAuts
  Temple: 143 daAuts
